 Dungeon Crawl Stone Soup version 0.21.1-1-g345015fe64 (webtiles) character file.

44 ImError the Bolt Thrower (level 3, 0/23 HPs)
             Began as a Kobold Hunter on June 11, 2018.
             Slain by a worm (2 damage)
             ... on level 2 of the Dungeon.
             The game lasted 00:04:09 (1078 turns).

ImError the Bolt Thrower (Kobold Hunter)            Turns: 1078, Time: 00:04:10

Health: 0/23       AC:  3    Str: 14    XL:     3   Next: 85%
Magic:  3/4        EV: 15    Int: 14    God:
Gold:   41         SH:  0    Dex: 16    Spells: 2/2 levels left

rFire    . . .     SeeInvis .   a - +1 hand crossbow
rCold    . . .     Gourm    .   (shield restricted)
rNeg     . . .     Faith    .   c - +0 leather armour
rPois    .         Spirit   .   (no helmet)
rElec    .         Reflect  .   (no cloak)
rCorr    .         Harm     .   (no gloves)
MR       .....                  (no boots)
Stlth    ++........             (no amulet)
HPRegen  0.07/turn              k - ring of flight
MPRegen  0.09/turn              (no ring)

@: mighty, lethally poisoned (0 -> -2)
A: small, claws 1, carnivore, clever 1
a: Evoke Flight


You were on level 2 of the Dungeon.
You were not hungry.

You visited 1 branch of the dungeon, and saw 2 of its levels.

You collected 41 gold pieces.

Inventory:

Hand Weapons
 a - a +1 hand crossbow (weapon)
 b - a +0 short sword
Missiles
 d - 11 bolts (quivered)
 l - 11 stones
Armour
 c - a +0 leather armour (worn)
Jewellery
 k - a ring of flight (left claw)
Potions
 m - a potion of ambrosia {unknown}
 o - a potion of cancellation {unknown}
 p - a potion of agility {unknown}
Comestibles
 f - 2 rations


   Skills:
 * Level 3.1 Fighting
 + Level 5.1 Crossbows
 + Level 2.9 Dodging
 - Level 1.6 Stealth
 + Level 1.4 Evocations


You had 2 spell levels left.
You didn't know any spells.

Dungeon Overview and Level Annotations

Branches:
Dungeon (2/15)

Altars:


Innate Abilities, Weirdness & Mutations

You are small and have problems with some larger weapons.
You are carnivorous and can eat meat at any time.
You have sharp fingernails.
Your mind is acute. (Int +2)


Message History

* * * LOW HITPOINT WARNING * * *
The worm completely misses you.
Firing (i - inventory. (,) - cycle):
d - 14 bolts (quivered)
Press: ? - help, Shift-Dir - straight line, f/p - adder
Aim: an adder (almost dead)
You shoot a bolt. The bolt closely misses the adder.
The adder barely misses you. The adder closely misses you.
Firing (i - inventory. (,) - cycle):
d - 13 bolts (quivered)
Press: ? - help, Shift-Dir - straight line, f/p - adder
Aim: an adder (almost dead)
You shoot a bolt. The bolt misses the adder.
The adder barely misses you. The worm barely misses you.
Firing (i - inventory. (,) - cycle):
d - 12 bolts (quivered)
Press: ? - help, Shift-Dir - straight line, f/p - adder
Aim: an adder (almost dead)
You shoot a bolt. The bolt hits the adder!
You kill the adder!
* * * LOW HITPOINT WARNING * * *
You feel sick. The worm bites you.
You die...

. .# .. ##.# .
..# #..
##########....
..# #.#
##..Kw@(..(.(#
..###.#
#..#######..##
......#####.##
...
.......)((((#
#
.......######
......##
......# ##.
......# ##...
......# #.S...


You could see a worm and a kobold.

Vanquished Creatures
  2 adders (D:2)
  4 bats
  A giant cockroach (D:1)
  6 goblins
  4 hobgoblins
  A frilled lizard (D:1)
  5 kobolds (D:1)
  A rat (D:1)
24 creatures vanquished.

Notes
Turn   | Place    | Note
-------+----------+-------------------------------------------
     0 | D:1      | ImError the Kobold Hunter began the quest for the Orb.
     0 | D:1      | Reached XP level 1. HP: 12/12 MP: 1/1
   385 | D:1      | Reached XP level 2. HP: 17/18 MP: 2/2
   536 | D:1      | Reached skill level 5 in Crossbows
   721 | D:1      | Reached skill level 1 in Evocations
  1038 | D:2      | Reached XP level 3. HP: 17/22 MP: 3/3
  1064 | D:2      | Gained mutation: You have sharp fingernails. [potion of mutation]
  1064 | D:2      | Gained mutation: Your mind is acute. (Int +2) [potion of mutation]
  1078 | D:2      | Slain by a worm

Skill      XL: |  1  2  3 |
---------------+----------+-----
Crossbows      | 5 |  5.1
Evocations     | 1 |  1.4
Fighting       | 3 |  3.1
Dodging        | |  2.9
Stealth        | |  1.6

Action                   || total
-------------------------++-------
Melee: Short sword       ||    87
 Fire: Hand crossbow     ||     9
  Use: Scroll            ||     3
       Potion            ||     3
 Stab: Sleeping          ||     3
  Eat: Chunk             ||     1
Armor: Leather armour    ||    16
Dodge: Dodged            ||   110
